 Dungeon Crawl Stone Soup version 0.31.0-1-g2c135a0 (webtiles) character file.

Game seed: 16916400167644707760

140 strontium90w the Chopper (level 5, -5/47 HPs)
             Began as a Minotaur Berserker on Apr 14, 2024.
             Was a Believer of Trog.
             Slain by LOGL03's ghost (9 damage)
             ... on level 3 of the Dungeon.
             The game lasted 00:03:40 (2158 turns).

strontium90w the Chopper (Minotaur Berserker)       Turns: 2158, Time: 00:03:41

Health: -5/47      AC:  6    Str: 23    XL:     5   Next: 2%
Magic:  4/4        EV: 11    Int:  4    God:    Trog [**....]
Gold:   210        SH:  0    Dex: 10    Spells: 4/4 levels left

rFire   . . .        a - +0 hand axe
rCold   . . .        (no shield)
rNeg    . . .        s - +0 ring mail
rPois   +            (helmet restricted)
rElec   .            (no cloak)
rCorr   +            (no gloves)
SInv    .            r - +0 pair of boots
Will    ++...        (no amulet) Stlth
                     l - ring of resist corrosion
HPRegen 1.27/turn    q - ring of poison resistance
MPRegen 0.09/turn

%: no passive effects
@: strong-willed, regenerating
A: horns 2, retaliatory headbutt
a: Renounce Religion, Berserk, Trog's Hand


You were on level 3 of the Dungeon.
You worshipped Trog.
Trog was pleased with you.
You visited 1 branch of the dungeon, and saw 3 of its levels.

You collected 210 gold pieces.

Inventory:

Hand Weapons
 a - a +0 hand axe (weapon)
Missiles
 f - 5 atropa-tipped darts (quivered)
 h - a throwing net
Armour
 b - a +0 animal skin
 g - a +0 leather armour
 r - a +0 pair of boots (worn)
 s - a +0 ring mail (worn)
Jewellery
 l - a ring of resist corrosion (left hand)
 q - a ring of poison resistance (right hand)
 x - a ring of protection from cold
Wands
 v - a wand of roots (13)
Scrolls
 d - 2 scrolls of blinking {unknown}
 i - a scroll of poison {unknown}
 k - a scroll of fear {unknown}
 m - a scroll of torment {unknown}
 n - 2 scrolls of teleportation {unknown}
 o - 2 scrolls of identify {unknown}
 u - a scroll of revelation {unknown}
 w - a scroll of silence {unknown}
Potions
 c - 2 potions of might {unknown}
 e - 2 potions of berserk rage {unknown}
 j - a potion of brilliance {unknown}
 p - a potion of lignification {unknown}
 t - a potion of haste {unknown}


   Skills:
 + Level 4.9 Fighting
 + Level 5.0 Axes
 * Level 1.1 Throwing
 + Level 2.7 Armour
 + Level 3.0 Dodging
 + Level 0.1 Stealth


You had 4 spell levels left.
You didn't know any spells.
Your spell library was empty.

Dungeon Overview and Level Annotations

Branches:
Dungeon (3/15)

Altars:
Trog

Annotations:
D:3 1 runed translucent door, LOGL03's ghost, amateur MiBe


Innate Abilities, Weirdness & Mutations

You have a pair of horns on your head.
You reflexively headbutt those who attack you in melee.


Message History

You headbutt LOGL03's ghost! You barely miss LOGL03's ghost.
Your headbutt misses LOGL03's ghost.
LOGL03's ghost is heavily damaged.
LOGL03's ghost hits you. LOGL03's ghost freezes you.
You closely miss LOGL03's ghost.
LOGL03's ghost is heavily damaged.
LOGL03's ghost barely misses you.
You barely miss LOGL03's ghost.
LOGL03's ghost is moderately damaged.
LOGL03's ghost hits you. LOGL03's ghost freezes you.
You hit LOGL03's ghost but do no damage.
You headbutt LOGL03's ghost.
LOGL03's ghost is heavily damaged.
LOGL03's ghost hits you. LOGL03's ghost freezes you.
You closely miss LOGL03's ghost.
LOGL03's ghost is heavily damaged.
LOGL03's ghost closely misses you. You furiously retaliate!
You headbutt LOGL03's ghost.
You hit LOGL03's ghost but do no damage.
LOGL03's ghost is heavily damaged.
LOGL03's ghost hits you. LOGL03's ghost freezes you.
* * * LOW HITPOINT WARNING * * *
Your skin crawls.
You feel strong-willed.
The giant cockroach waves its antennae.
LOGL03's ghost misses you. You furiously retaliate!
You headbutt LOGL03's ghost. You hit LOGL03's ghost.
LOGL03's ghost is heavily damaged.
LOGL03's ghost barely misses you.
You slash LOGL03's ghost! You headbutt LOGL03's ghost.
LOGL03's ghost is almost destroyed.
LOGL03's ghost hits you!
* * * LOW HITPOINT WARNING * * *
LOGL03's ghost freezes you.
* * * LOW HITPOINT WARNING * * *
You barely miss LOGL03's ghost.
LOGL03's ghost is almost destroyed.
LOGL03's ghost hits you!
You die...

#.##.#..<......)....##.#
##.#.......####....#.#.##
###.......#### #.#####.##
...........######.#####.#
###.....................#
##.......#.####.####..#
#.############.####..#
##.#W~~~~~~~B#.....#..#
##..+B~~~?~~~BW@.##.#..####
##...#B~~~~~~~w#[###.......#
.....############# #.......#
###### #.##.# #.......#
##.##.#######.......#
#...#...............#
#.#.#########.......# #...#
#.......# ##.## #.##.####


You could see a ribbon worm, LOGL03's ghost and 2 giant cockroaches.

Vanquished Creatures
  4 gnolls (D:2)
  3 adders
  6 dart slugs
  2 ribbon worms (D:3)
  8 bats
  5 endoplasms
  3 giant cockroaches
  4 goblins
  4 hobgoblins
  2 quokkas (D:1)
  6 ball pythons
  4 frilled lizards
  3 kobolds
  9 rats
63 creatures vanquished.

Notes
Turn   | Place    | Note
-------+----------+-------------------------------------------
     0 | D:1      | strontium90w the Minotaur Berserker began the quest for the
                  | Orb.
     0 | D:1      | Reached XP level 1. HP: 19/19 MP: 0/0
   177 | D:1      | Reached XP level 2. HP: 24/27 MP: 1/1
   326 | D:1      | Reached skill level 4 in Axes
   442 | D:1      | Reached XP level 3. HP: 33/33 MP: 2/2
   477 | D:1      | Reached ** piety under Trog
   696 | D:2      | Reached XP level 4. HP: 5/41 MP: 3/3
  1230 | D:2      | Found a faded altar of an unknown god.
  1319 | D:2      | Reached skill level 1 in Throwing
  1535 | D:3      | Found a runed translucent door.
  1538 | D:3      | Noticed LOGL03's ghost (amateur MiBe)
  1545 | D:3      | Found a bloodstained altar of Trog.
  1616 | D:3      | Found a runed translucent door.
  1802 | D:3      | Reached skill level 5 in Axes
  1802 | D:3      | Reached XP level 5. HP: 47/47 MP: 4/4
  2158 | D:3      | Slain by LOGL03's ghost

Illustrated notes

Levels and vault maps discovered:
D:1:      wander_arrival_abandoned_jail, layout_loops_ring, nicolae_titane
D:2:      minmay_angry_zag, layout_rooms, shapermc_ecumenical_altar_ellora,
          serial_curves, eino_curves_04, eino_curves_01,
          kennysheep_generic_room_3
D:3:      layout_loops_ring, old_standard_altar, ebering_ghost_sewer_f

Skill      XL: |  1  2  3  4 |
---------------+-------------+-----
Fighting       | 4 |  4.9
Axes           | 4 5 |  5.0
Dodging        | 3 |  3.0
Throwing       | 1 |  1.1
Armour         | |  2.7
Stealth        | |  0.1

Action                     |  1- 3 |  4- 6 || total
---------------------------+-------+-------++-------
  Melee: Hand axe          |    59 |    62 ||   121
         Headbutt          |     8 |    10 ||    18
         Punch             |     1 |       ||     1
 Invoke: Berserk           |     1 |       ||     1
         Trog's Hand       |       |     1 ||     1
 Armour: Animal skin       |    17 |       ||    17
         Leather armour    |    13 |    22 ||    35
         Ring mail         |       |     7 ||     7
  Dodge: Dodged            |    47 |    41 ||    88
